Lady, lawful male dwarven Valkyrie @ Lady the Fighter Experience level: 7 Strength: 18/03 Dexterity: 11 Constitution: 18 Intelligence: 8 Wisdom: 7 Charisma: 11 Health: 0(86) Energy: 8(8) Def: 6 Gold: 334 Moves: 5437 Dungeon seed: i7TCylaMoarqM2ew Game ID: Lady_1522965262 Your Inventory: Coins $ - 334 gold pieces Weapons a - a +1 long sword (weapon in hand) b - a blessed +0 dagger h - a +0 orcish dagger (in quiver) R - a blessed +0 silver saber Armor e - an uncursed +3 small shield (being worn) q - an uncursed +0 orcish helm (being worn) r - a cursed -2 chain mail z - a blessed +0 pair of gauntlets of dexterity (being worn) Q - a cursed +0 orcish helm X - an uncursed +0 mummy wrapping (being worn) Y - an uncursed +0 dented pot Comestibles H - an uncursed tin of spinach L - 2 uncursed food rations U - an uncursed pear W - an uncursed pancake Scrolls A - 3 uncursed scrolls of blank paper Potions d - an uncursed potion of acid Rings f - an uncursed ring of stealth (on left hand) Wands j - a wand of lightning (0:0) P - a wand of digging (0:4) Tools c - an uncursed mirror i - an uncursed leash p - an uncursed oil lamp (0:0) x - an uncursed oil lamp (0:767) C - an uncursed skeleton key J - an uncursed sack K - a tinning kit (0:37) O - an uncursed skeleton key T - an uncursed leash V - a +0 pick-axe Z - an uncursed bag of holding Gems n - 2 uncursed worthless pieces of green glass y - an uncursed citrine stone M - an uncursed worthless piece of yellowish brown glass N - 2 uncursed worthless pieces of red glass Contents of the bag of holding: an uncursed potion of enlightenment Spells and supernatural/magical abilities: Name Level Category Fail Memory W - pray for help -- divine ? -- Your skills at the end: Fighting Skills Weapon Skills dagger [Basic] long sword [Basic] Spellcasting Skills Final Attributes: You were piously aligned. You were cold resistant. You were blinded. You were telepathic. You had infravision. You were stealthy. You were swallowed by a fire vortex. You were fast. You are dead. Vanquished creatures: a baby yellow dragon a vampire a small mimic a leather golem a quivering blob 4 winter wolf cubs a leprechaun 2 giant spiders a scorpion a horse a vampire bat a lizard 2 chickatrices a dingo a dust vortex a raven a gnome mummy a human zombie a yellow light a shrieker a gray ooze a straw golem a paper golem 2 floating eyes a kitten a kobold lord 5 hill orcs a rabid rat a centipede 2 giant bats 4 orc zombies 2 acid blobs a coyote a hobbit a manes a large kobold a giant rat 2 brown molds 2 yellow molds a red mold 5 gnomes 4 geckos 8 jackals a fox 3 kobolds 2 goblins 9 grid bugs 3 lichens 4 newts 96 creatures vanquished. Voluntary challenges: You used a wielded weapon 140 times, starting on turn 45. You read items or engraved 65 times, starting on turn 2122. You never genocided any monsters. You never polymorphed an object. You changed form 1 time, starting on turn 2595. You used no wishes. You never split a pudding. You wrote Elbereth's name 61 times, starting on turn 2122. You violated your moral code, losing 1 point of alignment, starting on turn 5435. Dungeon overview: The Dungeons of Doom: levels 1 to 4 Level 1 some fountains, a sink a long staircase Level 2 a general store, an altar to Tyr Level 3 a general store, a fountain Level 4 stairs to The Gnomish Mines The Gnomish Mines: levels 5 to 12 Level 5 stairs to The Dungeons of Doom Level 6 Level 7 many shops, a temple to Loki, some fountains Level 8 Level 9 Level 10 Level 11 <- You were here Level 12 History has recorded: On T:1 you entered the Dungeons of Doom to retrieve the Amulet of Yendor! On T:197 you reached level 2 of The Dungeons of Doom. On T:496 you advanced to experience level 2. On T:1108 you reached level 3 of The Dungeons of Doom. On T:1218 you reached level 4 of The Dungeons of Doom. On T:1248 you advanced to experience level 3. On T:2161 you advanced to experience level 4. On T:2502 you reached level 1 of The Gnomish Mines. On T:2536 you reached level 5 of The Gnomish Mines. On T:2630 you advanced to experience level 5. On T:2988 you reached level 6 of The Gnomish Mines. On T:3371 you reached level 2 of The Gnomish Mines. On T:3697 you reached level 3 of The Gnomish Mines. On T:4434 you reached level 4 of The Gnomish Mines. On T:4674 you advanced to experience level 8. On T:4937 you reached level 7 of The Gnomish Mines. On T:5385 you reached level 8 of The Gnomish Mines. Score breakdown: Gold: 334 ( 8589 points) Experience: 7 levels (13645 points) Exploration: 12 levels ( 23.08%) (13932 points) Discoveries: 7 items ( 2.85%) ( 5060 points) Valuables value: (no points given unless you survive) Artifact value: 0 ( 0 points) Variety of kills: 49 monsters ( 12.86%) (10758 points) Turncount: 5437 turns (-1478 points) Survival: died (score multiplied by 80%) Total score: 40404 Latest messages: A gnome blocks your way. Where do you want to travel to? It bumps right into you! Wait! There's something there you can't see! You stop travelling. It engulfs you! You are burning to a crisp! (2x) You hit the fire vortex. You are suddenly very hot! You are burning to a crisp! As you pronounce the formula on it, the scroll disappears. You forget some of your training in long sword. Thinking of Maud you forget everything else. As you pronounce the formula on it, the scroll disappears. Your nose tingles and you smell food. You are burning to a crisp! You die... The sack is empty. The sack is empty. Final status: Farvel Lady the Valkyrie, killed by a fire vortex... You died in The Gnomish Mines on dungeon level 11 with 40404 points, and 334 pieces of gold, after 5437 moves. You were level 7 with a maximum of 86 hit points when you died.